 Dungeon Crawl Stone Soup version bcrawl-1.20.1-3-gdcb1fc31ed (webtiles) character file.

Game seed: 190349445535718195

19167 Revguard the Schismatic (level 12, -7/93 HPs)
             Began as a Demonspawn Abyssal Knight on Feb 4, 2020.
             Was an Elder of Lugonu.
             Mangled by a ten-headed hydra (8 damage)
             ... on level 12 of the Dungeon.
             The game lasted 00:39:31 (13043 turns).

Revguard the Schismatic (DsAK)                     Turns: 13043, Time: 00:39:32

Health: -7/93      AC: 10    Str: 20    XL:     12   Next: 34%
Magic:  0/11       EV: 22    Int: 14    God:    Lugonu [****..]
Gold:   1276       SH:  6    Dex: 26    Spells: 16/17 levels left

rFire    . . .     SeeInvis +   j - +5 battleaxe of the Reaper {venom, +Blink rC+ MP-9}
rCold    + . .     Gourm    .   (shield currently unavailable)
rNeg     + . .     Faith    .   a - +1 troll leather armour
rPois    .         Spirit   +   H - +1 hat
rElec    +         Reflect  .   i - +2 cloak
rCorr    .         Harm     .   C - +0 pair of gloves of Mumblety Peg {Dex+4 SInv}
MR       .....                  (no boots)
Stlth    +++.......             (no amulet)
HPRegen  1.05/turn              g - +1 ring of protection
MPRegen  0.12/turn              J - ring of positive energy

@: mighty, agile
A: hooves 2, large bone plates 2, agile 1, deformed body, powered by pain 2,
regeneration 1, electricity resistance, magic shield
a: Depart the Abyss, Bend Space, Banish, Corrupt, Renounce Religion, Evoke Blink


You were on level 12 of the Dungeon.
You worshipped Lugonu.
Lugonu was greatly pleased with you.
You were near starving.

You visited 1 branch of the dungeon, and saw 12 of its levels.
You visited the Abyss 1 time.

You collected 1276 gold pieces.

Inventory:

Hand Weapons
 f - a +4 broad axe
 j - the +5 battleaxe of the Reaper (weapon) {venom, +Blink rC+ MP-9}
   (You acquired it on level 11 of the Dungeon)

   It poisons the flesh of those it strikes.
   It protects you from cold.
   It affects your magic capacity (-9).
   It lets you blink.
 s - a +2 hand axe of chopping
Missiles
 b - 77 poisoned tomahawks (quivered)
 c - 6 tomahawks of dispersal
 d - 208 tomahawks
 q - 486 stones
Armour
 a - a +1 troll leather armour (worn)
 i - a +2 cloak (worn)
 n - a scarf of cloud immunity
 r - a +0 pair of gloves
 C - the +0 pair of gloves of Mumblety Peg (worn) {Dex+4 SInv}
   (Lugonu gifted it to you on level 7 of the Dungeon)

   It affects your dexterity (+4).
   It lets you see invisible.
 H - a +1 hat (worn)
Jewellery
 g - a +1 ring of protection (left hand)
 A - an uncursed ring of fire
 I - an uncursed amulet of guardian spirit
 J - a ring of positive energy (right hand)
Wands
 o - a wand of flame (38)
 B - a wand of disintegration (3)
Scrolls
 h - 2 scrolls of vulnerability {unknown}
 k - a scroll of blinking
 l - 3 scrolls of teleportation
 m - a scroll of enchant weapon
 p - 2 scrolls of fear
 x - 3 scrolls of magic mapping
 y - a scroll of amnesia
 z - 2 scrolls of remove curse
Potions
 t - a potion of haste
 u - 2 potions of might
 v - 4 potions of brilliance
 w - a potion of cancellation
 D - 2 potions of resistance
 E - 2 potions of curing
Miscellaneous
 F - a lightning rod (1/4)
Comestibles
 e - 14 rations {!d}


   Skills:
 + Level 8.2 Fighting
 + Level 11.1 Axes
 - Level 0.8 Throwing
 + Level 6.8 Armour
 + Level 6.0 Dodging
 * Level 3.0 Spellcasting
 * Level 1.8 Translocations
 * Level 11.4 Invocations
 * Level 5.9 Evocations


You had 16 spell levels left.
You knew the following spells:

 Your Spells              Type           Power        Failure   Level  Hunger
a - Apportation           Tloc           #.....       3%          1    #......

Your spell library contained the following spells:

 Spells                   Type           Power        Failure   Level  Hunger
 Beckoning                Tloc           #.........   10%         3    ###....
 Freeze                   Ice            #.....       24%         1    #......
 Summon Butterflies       Summ           #.......     24%         1    #......
 Summon Small Mammal      Summ           #...         24%         1    #......
 Call Imp                 Summ           #.....       36%         2    ##.....
 Throw Frost              Conj/Ice       #.....       36%         2    ##.....
 Call Canine Familiar     Summ           #.......     58%         3    ###....
 Ozocubu's Armour         Chrm/Ice       #.......     58%         3    ###....
 Tukima's Dance           Hex            #.......     58%         3    ###....
 Summon Ice Beast         Ice/Summ       #.......     94%         4    #####..
 Throw Icicle             Conj/Ice       #.......     94%         4    #####..
 Summon Lightning Spire   Summ/Air       #.......     100%        5    ######.
 Invisibility             Hex            #.......     100%        6    #######


Dungeon Overview and Level Annotations

Branches:
Dungeon (12/12)            Temple (0/1) D:4            Lair (0/6) D:8
    Orc (0/1) D:11         Vaults (0/3) D:11
 Depths: D:12

Altars:
Makhleb
Nemelex Xobeh
Okawaru
Trog
Wu Jian
The Shining One
Beogh

Annotations:
D:6 1 runed door
D:11 corrupted


Innate Abilities, Weirdness & Mutations

You have hoof-like feet.
You are mostly covered in large bone plates. (SH +6)
You sometimes gain power by taking damage.
When hurt, damage is shared between your health and your magic reserves.
You are agile. (Dex +2)
Armour fits poorly on your strangely shaped body.
Your natural rate of healing is unusually fast.
You are resistant to electric shocks. (rElec)


Message History

* * * LOW HITPOINT WARNING * * *
The ten-headed hydra closely misses you.
The ten-headed hydra bites you!
* * * LOW HITPOINT WARNING * * *
The ten-headed hydra misses you.
The ten-headed hydra completely misses you.
The ten-headed hydra bites you!
* * * LOW HITPOINT WARNING * * *
The ten-headed hydra completely misses you.
The ten-headed hydra bites you.
* * * LOW HITPOINT WARNING * * *
You block the ten-headed hydra's attack.
The ten-headed hydra bites you but does no damage.
You block the ten-headed hydra's attack.
The ten-headed hydra bites you!
* * * LOW HITPOINT WARNING * * *
The ten-headed hydra barely misses you.
You block the ten-headed hydra's attack.
The ten-headed hydra bites you!
You die...

######## ...... .....
####+#########....
.............#...#
......##.....#...#
......##..#..#..D#
......##.....#..@#
..#..........#...#
.............###'#
########........(##
...##..#...##.....##
...##..#.......#...##
...##..#...............
....#.##...............
....#.######+#######+##


You could see a ten-headed hydra.

Vanquished Creatures
  A vault guard (D:11)
  A catoblepas (D:11)
  A tengu warrior (D:11)
  An unseen horror (D:11)
  A wizard (D:11)
  3 deep elf magi
  A necromancer (D:11)
  A centaur zombie (D:11)
  3 centaur skeletons
  A yaktaur (D:11)
  3 trolls
  Prince Ribbit (D:8)
  A hornet (D:9)
  A hippogriff (D:6)
  Sigmund (D:6)
  A wraith (D:11)
  A shadow (D:9)
  17 yaks
  2 basilisks (D:8)
  14 humans (D:11)
  A hungry ghost (D:7)
  3 wargs (D:11)
  2 soldier ants
  A crocodile (D:8)
  4 porcupines (D:8)
  A black bear (D:4)
  3 orc warriors
  A necrophage (D:7)
  3 sky beasts
  An ice beast (D:10)
  The ghost of KristoblXynda the Slasher, an amateur DrGl of Ashenzari (D:3)
  7 ogres
  3 phantoms
  6 centaurs
  A bullfrog (D:9)
  A big kobold (D:8)
  7 scorpions
  3 wights (D:8)
  10 killer bees
  6 howler monkeys
  2 jellies (D:5)
  7 crimson imps
  4 hounds
  5 orc priests
  A quasit (D:6)
  Jessica (D:2)
  5 iguanas
  6 orc wizards
  8 worker ants
  A hound zombie (D:9)
  2 hound skeletons
  A howler monkey skeleton (D:5)
  A howler monkey zombie (D:8)
  9 adders
  2 shadow imps (D:7)
  An adder zombie (D:8)
  An adder skeleton (D:8)
  4 worms
  2 dart slugs
  7 leopard geckos
  40 orcs
  3 ball pythons
  4 giant cockroaches
  2 goblins
  6 hobgoblins
  6 kobolds
  5 quokkas
  5 bats
  4 frilled lizards
  A leopard gecko skeleton (D:5)
  A quokka zombie (D:5)
  5 rats
  A plant (D:1)
274 creatures vanquished.

Vanquished Creatures (others)
  A vault guard (D:11)
  A death knight (D:11)
  A skeletal warrior (D:11)
  An ugly thing (D:11)
  A centaur zombie (D:11)
  2 freezing wraiths (D:11)
  6 slime creatures (D:11)
  5 humans (D:11)
  An orc warrior (D:11)
  An eye of draining (D:11)
  An ogre (D:11)
  A howler monkey (D:11)
  2 orc priests (D:11)
  An iguana (D:11)
  A worker ant (D:11)
  An orc (D:11)
  5 bushes (D:8)
  6 fungi (D:8)
  15 plants (D:8)
  14 starspawn tentacles (D:11)
67 creatures vanquished.

Grand Total: 341 creatures vanquished

Notes
Turn   | Place    | Note
-------+----------+-------------------------------------------
     0 | Abyss:1  | Revguard the Demonspawn Abyssal Knight began the quest for
                  | the Orb.
     0 | Abyss:1  | Reached XP level 1. HP: 18/18 MP: 2/2
    87 | Abyss:1  | Noticed a tentacled starspawn
   101 | Abyss:1  | Noticed a small abomination
   106 | D:1      | Escaped the Abyss
   170 | D:1      | Reached * piety under Lugonu
   467 | D:1      | Gained mutation: You are partially covered in large bone
                  | plates. (SH +4) [demonic ancestry]
   467 | D:1      | Reached XP level 2. HP: 24/24 MP: 2/4
  1282 | D:2      | Noticed Jessica
  1283 | D:2      | Found a glowing golden altar of the Shining One.
  1290 | D:2      | Killed Jessica
  1290 | D:2      | Reached skill level 1 in Dodging
  1290 | D:2      | Gained mutation: You sometimes gain a little power by
                  | taking damage. [demonic ancestry]
  1290 | D:2      | Reached XP level 3. HP: 29/29 MP: 5/5
  1445 | D:2      | Gained mutation: You have a pair of small antennae on your
                  | head. [potion of mutation]
  1445 | D:2      | Gained mutation: Your flesh is cold resistant. (rC+)
                  | [potion of mutation]
  1445 | D:2      | Gained mutation: You have a pair of antennae on your head.
                  | [potion of mutation]
  1445 | D:2      | Gained mutation: You possess an exceptional clarity of
                  | mind. [potion of mutation]
  1912 | D:2      | Gained mutation: You are mostly covered in large bone
                  | plates. (SH +6) [demonic ancestry]
  1912 | D:2      | Reached XP level 4. HP: 34/37 MP: 6/6
  2074 | D:3      | Found a runed translucent gate.
  2074 | D:3      | Found a runed translucent gate.
  2074 | D:3      | Found a runed translucent gate.
  2076 | D:3      | Identified the cursed +1 spear "Etoa" {venom, rF++}
  2080 | D:3      | Found a roughly hewn altar of Beogh.
  2109 | D:3      | Reached ** piety under Lugonu
  2205 | D:3      | Noticed a phantom
  2250 | D:3      | Killed a phantom
  2250 | D:3      | Gained mutation: You have large cloven feet. [demonic
                  | ancestry]
  2250 | D:3      | Reached XP level 5. HP: 35/42 MP: 6/8
  2273 | D:3      | Noticed a sky beast
  2282 | D:3      | Killed a sky beast
  2282 | D:3      | Reached XP level 6. HP: 39/48 MP: 9/9
  2993 | D:3      | Noticed KristoblXynda's ghost (amateur DrGl)
  3215 | D:3      | Killed KristoblXynda's ghost
  3215 | D:3      | Reached skill level 5 in Invocations
  3216 | D:3      | Reached XP level 7. HP: 49/55 MP: 10/10
  3470 | D:4      | Found a staircase to the Ecumenical Temple.
  3830 | D:4      | Reached *** piety under Lugonu
  3830 | D:4      | Reached skill level 5 in Axes
  4220 | D:4      | Lost mutation: You have a pair of antennae on your head.
                  | [potion of mutation]
  4220 | D:4      | Lost mutation: Your flesh is cold resistant. (rC+) [potion
                  | of mutation]
  4220 | D:4      | Lost mutation: You possess an exceptional clarity of mind.
                  | [potion of mutation]
  4220 | D:4      | Gained mutation: Scrolls take you a little longer to read.
                  | [potion of mutation]
  4220 | D:4      | Gained mutation: You are weak. (Str -2) [potion of
                  | mutation]
  4220 | D:4      | Gained mutation: You are resistant to electric shocks.
                  | (rElec) [potion of mutation]
  4518 | D:4      | Reached skill level 5 in Fighting
  4518 | D:4      | Gained mutation: You sometimes gain power by taking damage.
                  | [demonic ancestry]
  4518 | D:4      | Reached XP level 8. HP: 60/62 MP: 12/12
  4794 | D:5      | Entered Level 5 of the Dungeon
  5013 | D:5      | Found a bloodstained altar of Trog.
  5633 | D:6      | Found an iron altar of Okawaru.
  5704 | D:6      | Noticed a troll
  5716 | D:6      | Killed a troll
  6042 | D:6      | Gained mutation: You have hoof-like feet. [demonic
                  | ancestry]
  6042 | D:6      | Reached XP level 9. HP: 39/68 MP: 14/14
  6287 | D:6      | Found a runed door.
  6322 | D:6      | Found a runed door.
  6368 | D:6      | Reached **** piety under Lugonu
  6368 | D:6      | Reached skill level 5 in Armour
  7049 | D:6      | Noticed Sigmund
  7073 | D:6      | Killed Sigmund
  7279 | D:7      | Found a burning altar of Makhleb.
  7364 | D:7      | Reached skill level 1 in Evocations
  7366 | D:7      | Found a bloodstained altar of Trog.
  7366 | D:7      | Found an ornate altar of the Wu Jian Council.
  7716 | D:7      | Received a gift from Lugonu
  7722 | D:7      | Got a pair of brightly glowing gloves {god gift}
  7733 | D:7      | Identified the +0 pair of gloves of Mumblety Peg {Dex+4
                  | SInv} (Lugonu gifted it to you on level 7 of the Dungeon)
  7736 | D:7      | Found a sparkling altar of Nemelex Xobeh.
  8090 | D:8      | Noticed Prince Ribbit
  8369 | D:8      | Gained mutation: When hurt, damage is shared between your
                  | health and your magic reserves. [demonic ancestry]
  8369 | D:8      | Reached XP level 10. HP: 44/77 MP: 16/16
  8540 | D:8      | Killed Prince Ribbit
  8751 | D:8      | Found a staircase to the Lair.
  9137 | D:8      | Got a wizard robe
  9160 | D:8      | Identified the cursed +0 robe "Neew" {rC+} (You found it on
                  | level 8 of the Dungeon)
 10211 | D:9      | Noticed a deep elf mage
 10226 | D:9      | Killed a deep elf mage
 10456 | D:9      | Reached XP level 11. HP: 84/84 MP: 18/18
 10493 | D:9      | Lost mutation: Scrolls take you a little longer to read.
                  | [potion of mutation]
 10493 | D:9      | Lost mutation: You are resistant to electric shocks.
                  | (rElec) [potion of mutation]
 10493 | D:9      | Lost mutation: You are weak. (Str -2) [potion of mutation]
 10493 | D:9      | Lost mutation: You have a pair of small antennae on your
                  | head. [potion of mutation]
 10493 | D:9      | Gained mutation: Your natural rate of healing is unusually
                  | fast. [potion of mutation]
 10493 | D:9      | Gained mutation: Your body sometimes deteriorates upon
                  | taking damage. [potion of mutation]
 10493 | D:9      | Gained mutation: You have hooves in place of feet. [potion
                  | of mutation]
 10493 | D:9      | Gained mutation: You are agile. (Dex +2) [potion of
                  | mutation]
 10571 | D:9      | Reached skill level 5 in Dodging
 10590 | D:9      | Reached skill level 10 in Invocations
 10691 | D:10     | Entered Level 10 of the Dungeon
 11086 | D:10     | Reached skill level 10 in Axes
 11349 | D:10     | Learned a level 1 spell: Apportation
 11516 | D:11     | Noticed an unseen horror
 11537 | D:11     | Noticed a skeletal warrior
 11540 | D:11     | Noticed a death knight
 11546 | D:11     | Killed an unseen horror
 11559 | D:11     | Corrupted D:11
 11559 | D:11     | Noticed a large abomination
 11559 | D:11     | Noticed a starcursed mass
 11559 | D:11     | Noticed a large abomination
 11559 | D:11     | Noticed a thrashing horror
 11559 | D:11     | Noticed a tentacled starspawn
 11559 | D:11     | Noticed a tentacled starspawn
 11559 | D:11     | Noticed a tentacled starspawn
 11559 | D:11     | Noticed a rakshasa
 11559 | D:11     | Noticed a hellephant
 11559 | D:11     | Noticed a lich
 11559 | D:11     | Noticed a tentacled starspawn
 11559 | D:11     | Noticed a starcursed mass
 11560 | D:11     | Noticed a tentacled starspawn
 11560 | D:11     | Noticed a starcursed mass
 11561 | D:11     | Noticed a thrashing horror
 11561 | D:11     | Killed a skeletal warrior
 11561 | D:11     | Reached skill level 1 in Spellcasting
 11562 | D:11     | Noticed a large abomination
 11562 | D:11     | Killed a death knight
 11569 | D:11     | Noticed a thrashing horror
 11580 | D:11     | Noticed a shining eye
 11592 | D:11     | Noticed a starcursed mass
 11596 | D:11     | Killed a brown ugly thing
 11612 | D:11     | Noticed a starcursed mass
 11718 | D:11     | Reached skill level 5 in Evocations
 11728 | D:11     | Noticed a vault guard
 11729 | D:11     | Noticed a vault guard
 11730 | D:11     | Noticed a vault guard
 11734 | D:11     | Noticed a wizard
 11736 | D:11     | Noticed a necromancer
 11747 | D:11     | Killed a wizard
 11766 | D:11     | Found a gate to the Vaults.
 11772 | D:11     | Banished a vault guard
 11950 | D:11     | Found a staircase to the Orcish Mines.
 11998 | D:11     | Killed a necromancer
 11998 | D:11     | Reached XP level 12. HP: 92/92 MP: 20/20
 12061 | D:11     | Lost mutation: Your body sometimes deteriorates upon taking
                  | damage. [potion of mutation]
 12061 | D:11     | Lost mutation: You are agile. (Dex +2) [potion of mutation]
 12061 | D:11     | Lost mutation: You have hooves in place of feet. [potion of
                  | mutation]
 12061 | D:11     | Gained mutation: You are resistant to electric shocks.
                  | (rElec) [potion of mutation]
 12061 | D:11     | Gained mutation: Armour fits poorly on your strangely
                  | shaped body. [potion of mutation]
 12061 | D:11     | Gained mutation: You are agile. (Dex +2) [potion of
                  | mutation]
 12223 | D:11     | Noticed a catoblepas
 12233 | D:11     | Killed a catoblepas
 12469 | D:11     | Noticed a tengu warrior
 12470 | D:11     | Noticed a tengu warrior
 12662 | D:11     | Reached skill level 1 in Translocations
 12716 | D:11     | Killed a vault guard
 12754 | D:11     | Killed a tengu warrior
 12857 | D:11     | Identified a scroll of acquirement
 12857 | D:11     | Identified the +5 battleaxe of the Reaper {venom, +Blink
                  | rC+ MP-9} (You acquired it on level 11 of the Dungeon)
 12968 | D:12     | Entered Level 12 of the Dungeon
 13036 | D:12     | Noticed a seven-headed hydra
 13043 | D:12     | HP: 1/93 [ten-headed hydra (8)]
 13043 | D:12     | Mangled by a ten-headed hydra

Skill      XL: |  1  2  3  4  5  6  7  8  9 10 11 12 |
---------------+-------------------------------------+-----
Invocations    | 3 4 5 6 7 8 9 11 | 11.4
Armour         | 2 3 4 5 6 |  6.8
Axes           | 2 3 4 5 7 8 9 10 11 | 11.1
Dodging        | 1 2 3 4 5 6 |  6.0
Fighting       | 4 5 6 7 8 |  8.2
Evocations     | 2 4 5 |  5.9
Spellcasting   | 2 3 |  3.0
Translocations | 1 |  1.8
Throwing       | |  0.8

Action                   |  1- 3 |  4- 6 |  7- 9 | 10-12 || total
-------------------------+-------+-------+-------+-------++-------
Melee: Hand axe          |   139 |   166 |   425 |   502 ||  1232
       Kick              |       |    28 |   119 |   241 ||   388
       Broad axe         |       |       |       |   122 ||   122
       Battleaxe         |       |       |       |     4 ||     4
Throw: Tomahawk          |       |       |     2 |     6 ||     8
Invok: Depart the Abyss  |     1 |       |       |       ||     1
       Bend Space        |       |     1 |       |     7 ||     8
       Banish            |       |       |       |     1 ||     1
       Corrupt           |       |       |       |     1 ||     1
Evoke: Lightning rod     |       |       |       |     6 ||     6
       Wand              |       |       |       |     9 ||     9
  Use: Scroll            |     3 |     6 |     9 |    13 ||    31
       Potion            |     1 |     2 |     6 |     8 ||    17
 Stab: Invisible         |       |       |       |     7 ||     7
  Eat: Chunk             |     3 |     4 |    19 |    15 ||    41
Armor: Scale mail        |    50 |    54 |   189 |    81 ||   374
       Skin              |       |    13 |    23 |       ||    36
       Robe              |       |       |       |    31 ||    31
       Troll leather arm |       |       |       |    75 ||    75
Dodge: Dodged            |    40 |    58 |   197 |   393 ||   688
Block: Other             |    14 |    48 |   111 |   169 ||   342
